Cogmind - Beta 15 @@@ ROGUE MODE // 2025.06.20 @ 18:26:53 Player: Demo Result: Destroyed by AG-05207 with Assembled Focal Cannon Performance ------------- Evolutions (4) 2000 Regions Visited (15) 3000 Robots Destroyed (182) 910 Value Destroyed (6018) 6018 Prototype IDs (256) 5120 Alien Tech Used (0) 0 Bonus (7058) 7058 TOTAL SCORE: 24106 Bonus ------- High Alert Combat Kills 476 Follower Combat Kills 192 Aligned with FarCom 300 Met Data Miner 300 Used Data Conduit 3000 Met Imprinter 300 Destroyed Z-Imprinter 1000 Triggered Deep Caves Wall 500 Exposed GOLEM Chamber 500 Pursued by Intercept 500 Friendly Fire -10 Cogmind --------- Core Integrity 0/850 Matter 245/300 Energy 25/135 System Corruption 0% Temperature Cool (12) Movement Rolling (255) Ox11 Location -6/Deep Caves Parts ------- > --- POWER (1) -------- Compact Particle Reactor > --- PROPULSION (4) --- Armored Leg Armored Wheel > --- UTILITY (8) ------ Huge Storage Unit Enhanced Optical Array Advanced Sensor Array Advanced Signal Interpreter Advanced Targeting Computer Centrium Medium Armor Plating Bomb Factory No. 2 > --- WEAPON (2) ------- Proton Missile Launcher > --- INVENTORY (25) --- Cooled Deuterium Engine Zionite Light DM Reactor Compact Particle Reactor Armored Leg Experimental Cooling System Energy Well (350) High-capacity Matter Pod (0) Improved Signal Interpreter Zionite Weapon Casing Zionite Weapon Casing Thermal Shield System Mapper Quantum Router Trap Extractor (0/4) Trap Extractor (0/4) Improved Trap Extractor (0/6) Supersonic Drone Bay (0/1) Gauss Cannon Datajack Plasma Cutter Chainsword Self-destruct Interrupter (50) GAL Module Peak State ------------ > --- POWER ------------ Compact Particle Reactor > --- PROPULSION ------- Armored Huge Wheel Armored Huge Wheel > --- UTILITY ---------- Huge Storage Unit Energy Well Long-range Sensor Array Advanced Signal Interpreter Advanced Targeting Computer Improved Transmission Jammer Improved Transmission Jammer Thermal Shield > --- WEAPON ----------- Heavy Machine Gun Experimental Remote Datajack > --- INVENTORY -------- Cooled Deuterium Engine Compact Particle Reactor Advanced Treads Advanced Treads Potential Leg Potential Leg Wheel Wheel Wheel Armored Wheel High-capacity Matter Pod Advanced Visual Processing Unit Improved Sensor Array System Mapper Quantum Router Trap Extractor Trap Extractor Improved Trap Extractor Supersonic Drone Bay Magnetic Acceleration Cannon Proton Missile Launcher Rocket Array Datajack Plasma Cutter Shock Trap [Rating: 88] Favorites ----------- Power Compact Particle Reactor Engine Improved Deuterium Engine Power Core Light Nuclear Core Reactor Compact Particle Reactor Propulsion Wheel Treads Advanced Treads Leg Armored Leg Wheel Wheel Hover Unit Backup Propulsion III Utility Huge Storage Unit Device Improved Sensor Array Storage Huge Storage Unit Processor Advanced Targeting Computer Hackware System Shield Protection Centrium Medium Armor Plating Weapon Light Cannon Energy Gun Advanced Beam Rifle Energy Cannon Plasma Cannon Ballistic Gun Heavy Assault Rifle Ballistic Cannon Light Cannon Launcher Proton Missile Launcher Special Weapon Plasma Flamer Slashing Weapon Chainsword Special Melee Weapon Datajack Build | -11 -10 -10 -10 -9 -8 -7 -7 -7 -7 -6 -6 -6 -6 -6 -6 ------- Run | Yrd Mat Min Exi Min Mat Fac Low Low Dat Pro Fac Low Low Zio Dee Slots Evolved 8 | . . . . . 4 2 . . . . 2 . . . . Power . | . . . . . . . . . . . . . . . . Propulsion 2 | . . . . . 2 . . . . . . . . . . Utility 6 | . . . . . 2 2 . . . . 2 . . . . Weapon . | . . . . . . . . . . . . . . . . Parts Attached 184 | 9 16 11 2 2 11 66 8 6 3 5 30 . 8 4 3 Power 20 | 1 2 2 . 1 1 7 3 . . . 3 . . . . Engine 11 | 1 2 1 . 1 1 3 2 . . . . . . . . Core 8 | . . 1 . . . 4 1 . . . 2 . . . . Reactor 1 | . . . . . . . . . . . 1 . . . . Propulsion 54 | 3 5 3 1 1 2 22 1 3 1 . 10 . 1 1 . Treads 12 | 1 1 . . . . 9 . . 1 . . . . . . Leg 3 | . . . . . . . . . . . 2 . . 1 . Wheel 38 | 2 4 3 1 1 2 12 1 3 . . 8 . 1 . . Hover 1 | . . . . . . 1 . . . . . . . . . Flight . | . . . . . . . . . . . . . . . . Utility 57 | 2 5 . . . 5 22 3 . 1 2 10 . 3 2 2 Device 30 | 1 1 . . . 1 14 1 . 1 1 6 . 3 1 . Storage 8 | 1 2 . . . 1 1 1 . . 1 1 . . . . Processor 7 | . 1 . . . . 3 . . . . 2 . . . 1 Hackware 1 | . . . . . 1 . . . . . . . . . . Protection 11 | . 1 . . . 2 4 1 . . . 1 . . 1 1 Artifact . | . . . . . . . . . . . . . . . . Weapon 53 | 3 4 6 1 . 3 15 1 3 1 3 7 . 4 1 1 Energy Gun 15 | 2 . 1 . . 2 4 1 1 . . 2 . 2 . . Energy Cannon 1 | . . . . . . . . . 1 . . . . . . Ballistic Gun 11 | 1 . 1 . . . 5 . 1 . . 3 . . . . Ballistic Cannon 10 | . 4 1 . . . . . . . 1 1 . 2 . 1 Launcher 9 | . . 2 . . 1 5 . . . 1 . . . . . Special Weapon 4 | . . . . . . . . 1 . 1 1 . . 1 . Impact Weapon . | . . . . . . . . . . . . . . . . Slashing Weapon 1 | . . . . . . 1 . . . . . . . . . Piercing Weapon . | . . . . . . . . . . . . . . . . Special Melee Weapon 2 | . . 1 1 . . . . . . . . . . . . Unidentified Prototypes 11 | . . . . . 1 7 . . . . 1 . . 1 1 Parts Lost 45 | . 1 2 . . . 18 2 4 . 1 10 . . . 7 Power 4 | . 1 1 . . . 2 . . . . . . . . . Propulsion 21 | . . 1 . . . 10 . 3 . . 3 . . . 4 Utility 10 | . . . . . . 4 1 . . . 4 . . . 1 Weapon 10 | . . . . . . 2 1 1 . 1 3 . . . 2 Highest Loss Streak 5 | . 1 2 . . . 3 1 3 . 1 5 . . . 3 To Critical Strikes . | . . . . . . . . . . . . . . . . Average Backups 23 | 3 21 24 24 25 24 23 23 22 23 23 23 25 24 22 21 Power 1 | . 1 . 1 1 1 . 1 1 1 1 1 2 2 2 2 Propulsion 5 | 2 7 6 6 7 6 6 8 7 5 5 6 5 4 3 2 Utility 9 | . 8 9 11 11 9 7 6 6 7 8 9 12 11 11 12 Weapon 5 | . 3 5 4 4 6 7 6 5 7 6 4 4 3 4 2 Tool/Special . | . . . . . . . . . . . . . . . . Unused Backups 55 | 2 10 4 2 1 3 10 . 2 1 . 9 . 2 . 9 Power 10 | . 3 1 . . . . . . 1 . 2 . . . 3 Propulsion 7 | 2 . . . . . 1 . . . . 2 . 2 . . Utility 30 | . 7 3 1 1 3 5 . 1 . . 3 . . . 6 Weapon 8 | . . . 1 . . 4 . 1 . . 2 . . . . Tool/Special . | . . . . . . . . . . . . . . . . Average Slot Usage (%) 95 | . 99 99 83 100 96 99 92 91 97 93 87 100 99 91 93 Engine 3 | . 13 8 . 4 9 3 5 7 7 7 . . . . . Core 2 | . . 5 14 9 . 3 1 . . . 2 . . . . Reactor 2 | . . . . . . . . . . . 3 6 6 6 6 Treads 3 | . 2 . . . 8 8 6 . 20 17 . . . . . Leg 1 | . . . . . . . . . . . . . . 1 5 Wheel 21 | . 25 26 28 28 26 21 18 22 7 5 15 26 26 24 18 Device 13 | . 10 5 . . 7 15 13 15 15 7 19 20 22 17 12 Storage 10 | . 14 14 14 14 9 7 7 7 7 14 12 6 8 13 11 Processor 11 | . . . . . . 17 18 15 15 15 16 20 14 13 14 Protection 6 | . 3 8 14 14 16 4 3 7 7 7 3 6 6 4 9 Energy Gun 3 | . 3 1 2 14 8 7 . 2 . . . 6 10 . . Ballistic Gun 3 | . 3 5 2 14 8 4 6 8 . . 3 . . . . Ballistic Cannon 3 | . 21 18 . . . . . . . 3 3 6 1 . 2 Launcher 1 | . . 1 . . . 1 6 . 4 1 . . . 3 6 Slashing Weapon 1 | . . . . . . . . . 2 . 1 . . 2 3 Peak Build Rating 88 | 7 9 15 16 17 26 47 50 52 53 58 88 73 73 79 79 Average Rating 47 | 5 8 11 12 15 22 40 47 50 50 55 71 70 68 68 75 On Entrance 38 | . 7 9 13 16 14 24 47 50 47 53 53 71 70 71 77 Naked Turns . | . . . . . . . . . . . . . . . . Heaviest Build 151 | 14 92 97 91 91 108 106 109 108 110 110 122 113 124 149 151 Greatest Support 88 | 16 26 26 26 26 30 86 86 60 88 88 60 42 42 42 42 Greatest Overweight (x) 6 | 1 4 3 4 4 3 5 2 2 1 3 5 2 2 6 6 Average Overweight (x) 2 | . 3 3 3 3 2 1 1 1 1 2 1 2 2 3 4 Largest Inventory Capacity 25 | 8 25 25 25 25 25 25 25 25 25 25 25 25 25 25 25 Average Capacity 24 | 7 24 25 25 25 25 25 25 25 25 25 25 25 25 25 25 Most Carried 25 | 8 25 25 25 25 25 25 25 25 25 25 25 25 25 25 25 Average Carried 24 | 3 21 24 24 25 24 24 24 23 24 24 24 25 24 24 24 Final Capacity 25 | 8 25 25 25 25 25 25 25 25 25 25 25 25 25 25 25 Final Carried 25 | 6 25 25 25 25 25 25 24 25 25 25 25 25 25 25 23 Class Distribution -------------------- 48% | Trapper-Mutant 27% | Mutant 13% | Scavenger-Mutant 3% | Scavenger-Skirmisher Dominant Class ---------------- Mutant | -10/Materials Mutant | -10/Mines Mutant | -10/Exiles Scavenger-Mutant | -9/Mines Mutant | -8/Materials Trapper-Mutant | -7/Factory Trapper-Mutant | -7/Lower Caves Trapper-Mutant | -7/Lower Caves Trapper-Mutant | -7/Data Miner Trapper-Mutant | -6/Proximity Caves Trapper-Mutant | -6/Factory Scavenger-Mutant | -6/Lower Caves Trapper-Mutant | -6/Lower Caves Trapper-Mutant | -6/Zion Mutant | -6/Deep Caves Resources | -11 -10 -10 -10 -9 -8 -7 -7 -7 -7 -6 -6 -6 -6 -6 -6 ----------- Run | Yrd Mat Min Exi Min Mat Fac Low Low Dat Pro Fac Low Low Zio Dee Matter Collected 9360 | 296 646 867 65 168 129 2388 423 480 162 361 1419 245 494 185 1032 Remotely . | . . . . . . . . . . . . . . . . Salvage Created 7242 | 163 512 242 . 380 142 2500 200 412 120 263 1050 193 56 . 1009 Parts 335 | 16 45 20 . 25 10 121 11 13 2 5 45 . . . 22 Haulers Intercepted 5 | . 2 . . . 1 2 . . . . . . . . . Recyclers Shooed 8 | . 1 . . . . 1 . . . 1 5 . . . . Parts Field Recycled . | . . . . . . . . . . . . . . . . Retrieved Matter . | . . . . . . . . . . . . . . . . Parts Self-Destructed 30 | . . . . . . . 7 20 . 3 . . . . . Prevented 2 | . . . . . . . . . . . . 2 . . . Kills | -11 -10 -10 -10 -9 -8 -7 -7 -7 -7 -6 -6 -6 -6 -6 -6 ------- Run | Yrd Mat Min Exi Min Mat Fac Low Low Dat Pro Fac Low Low Zio Dee Combat Hostiles Destroyed 156 | . 12 11 . 5 1 45 6 11 4 2 14 . 1 . 44 Melee 2 | . . . . . . . . . . . 1 . . . 1 Guns 32 | . . . . 2 . 22 2 3 . . 3 . . . . Cannons 31 | . 12 7 . . . . . . 2 2 8 . . . . AOE 89 | . . 4 . 3 1 23 4 8 2 . 2 . 1 . 41 Classes Destroyed 18 | 3 5 2 . 1 . 3 1 1 . . 1 . . . 1 Worker 24 | 2 2 . . . . 10 . . . . 10 . . . . Builder 9 | . 2 . . 2 1 . . . . . 4 . . . . Tunneler 8 | 3 1 1 . 1 . 1 . . . . 1 . . . . Hauler 5 | . 2 . . . 1 2 . . . . . . . . . Recycler 16 | 1 1 . . 2 1 8 . . . . 3 . . . . Mechanic 1 | . . . . . . . . . . . 1 . . . . Operator 1 | . . . . . . 1 . . . . . . . . . Watcher 3 | . 1 . . . . 1 . . . . 1 . . . . Swarmer 22 | . 6 3 . . . 6 2 2 . . 3 . . . . Grunt 50 | . 6 5 . 4 1 25 4 3 . . 2 . . . . Brawler 3 | . . . . . . 1 . 2 . . . . . . . Duelist 2 | . . . . 1 . 1 . . . . . . . . . Sentry 7 | . . 2 . . . 3 . 2 . . . . . . . Programmer 16 | . . . . . . 9 . . . 2 5 . . . . Enhanced Grunt 4 | . . . . . . . . . 4 . . . . . . Tracker 2 | . . . . . . . . . . . 2 . . . . Combat Programmer 2 | . . . . . . . . . . . 2 . . . . Z-Technician 5 | . . . . . . . . . . . . . . . 5 Z-Light 2 | . . . . . . . . . . . . . . . 2 Packrat 4 | . . . . . . . . . . 2 . 2 . . . Samaritan 6 | . . . . . . . 1 2 . 1 . 1 1 . . Master Thief 3 | . . . . . . . . 2 . . . . 1 . . Assembled 42 | . . 1 . . . . . . . . . . . . 41 Best Kill Streak 38 | 4 4 4 . 3 3 6 4 8 3 1 6 . 1 . 38 Combat Bots Only 38 | . 3 3 . 3 1 5 4 8 3 1 3 . 1 . 38 Max Kills in Single Turn 16 | 1 2 2 . 2 1 4 1 5 1 1 5 1 1 . 16 Gunslinging . | . . . . . . . . . . . . . . . . Exploded 16 | . . 1 . 2 1 3 1 5 1 . 2 . 1 . 16 Melee 1 | . . . . . . . . . . . 1 . . . 1 Uniques/NPCs Destroyed 2 | . . . . . . . . . 1 . . . . . 1 Data Miner (-7/Data Miner) Z-Imprinter (-6/Deep Caves) Combat | -11 -10 -10 -10 -9 -8 -7 -7 -7 -7 -6 -6 -6 -6 -6 -6 -------- Run | Yrd Mat Min Exi Min Mat Fac Low Low Dat Pro Fac Low Low Zio Dee Hostile Shots Fired 853 | . 43 43 . 14 14 323 15 58 22 14 192 . 5 . 110 Missed 247 | . 13 9 . 1 4 110 5 24 11 5 35 . 2 . 28 Hits 606 | . 30 34 . 13 10 213 10 34 11 9 157 . 3 . 82 Melee 4 | . . . . . . . . 1 . . . . 3 . . Projectile 602 | . 30 34 . 13 10 213 10 33 11 9 157 . . . 82 Critical Strikes 23 | . 1 4 . . . 9 . 1 . 1 7 . . . . Actively Blocked 1 | . . 1 . . . . . . . . . . . . . Part Disruptions 2 | . . . . . . . . 1 . . 1 . . . . Damage Taken 10695 | . 308 547 . 172 160 2916 189 674 403 139 2799 . 49 . 2339 Core 1601 | . 57 65 . 18 . 438 . 107 . 15 571 . 6 . 324 Absorbed by Shields 330 | . . . . . . . . . . . 278 . 52 . . Redirected to Shielding 46 | . . 10 . 4 . 9 . . . . . . . . 23 Ignored by Resistances 608 | . . . . . . . 13 . 106 . 16 . . . 473 Regen/Repaired (Parts) 1398 | . . . . . . 27 . . . . 309 . . 1062 . Core Remaining (%) 66 | 100 . . . 44 100 . . . . 20 . . . . . Volleys Fired 487 | 18 48 48 . 18 13 146 20 22 11 16 81 10 9 . 27 Largest 2 | 2 2 2 . 2 2 2 1 2 2 2 2 2 2 . 2 Hottest 136 | 100 70 60 . 63 97 136 39 97 119 119 117 94 119 . 84 Shots Fired 858 | 36 92 90 . 35 26 282 22 36 19 20 141 14 13 . 32 Gun 465 | 36 18 . . 32 21 255 16 26 . . 41 11 9 . . Cannon 288 | . 74 84 . . . . . . 7 19 96 3 . . 5 Launcher 103 | . . 6 . 3 5 27 6 10 12 1 2 . 4 . 27 Special 2 | . . . . . . . . . . . 2 . . . . Kinetic 443 | 16 83 84 . 16 10 81 16 22 . 3 104 3 . . 5 Thermal 248 | 20 9 . . . 11 144 . 4 7 16 32 . 5 . . Explosive 79 | . . 6 . 3 5 26 6 8 12 1 2 . 4 . 6 Electromagnetic 86 | . . . . 16 . 31 . 2 . . 1 11 4 . 21 Robot Hit Streak 25 | 4 9 17 . 6 4 20 17 9 6 9 25 14 22 . 7 Robot Miss Streak 14 | 3 4 2 . 2 4 3 1 5 2 2 14 . 3 . 2 Penetration Max . | . . . . . . . . . . . . . . . . Secondary Targets 7 | . . . . 1 . 6 . . . . . . . . . Max Gunslinging Chain 1 | . . . . 1 . 1 . . . . . . . . . Shots Hit Robots 574 | 20 48 29 1 22 15 203 16 21 14 18 108 13 11 . 35 Core Hits 503 | 10 25 15 . 13 9 107 17 34 34 8 78 6 9 . 138 Critical Kills 1 | . . . . . . . . . . . 1 . . . . Critical Parts Destroyed 3 | . . . . 1 . . . . . . 2 . . . . Critical Strikes 26 | 1 3 4 . 1 . 10 . . . . 5 . . . 2 Burn 12 | 1 1 . . . . 10 . . . . . . . . . Meltdown 1 | . . . . . . . . . . . 1 . . . . Destroy 3 | . . . . 1 . . . . . . 2 . . . . Blast 9 | . 2 4 . . . . . . . . 2 . . . 1 Sever 1 | . . . . . . . . . . . . . . . 1 Melee Attacks 82 | . . 2 1 . 1 5 . . 2 1 14 . 9 . 47 Impact . | . . . . . . . . . . . . . . . . Slashing 73 | . . . . . . 2 . . 1 . 14 . 9 . 47 Piercing . | . . . . . . . . . . . . . . . . Sneak Attacks 17 | . . 2 1 . 1 3 . . 2 1 1 . . . 6 Combat Hostiles . | . . . . . . . . . . . . . . . . Follow-up Attacks . | . . . . . . . . . . . . . . . . Damage Inflicted 22582 | 214 839 752 . 505 614 6580 694 1273 1679 499 3276 347 535 . 4775 Guns 6339 | 214 148 . . 297 209 3759 258 344 . . 697 246 167 . . Cannons 3773 | . 691 481 . . . . . . 87 466 1909 63 . . 76 Explosions 10774 | . . 271 . 208 405 2821 436 929 1510 33 243 38 368 . 3512 Melee 1656 | . . . . . . . . . 82 . 387 . . . 1187 Ramming 40 | . . . . . . . . . . . 40 . . . . Kinetic 5314 | 64 741 481 . 134 101 1079 258 288 . 77 1952 63 . . 76 Thermal 4143 | 150 98 . . . 108 2389 . 56 87 389 654 38 88 . 86 Explosive 9072 | . . 271 . 208 405 2589 436 920 1510 33 243 . 368 . 2089 Electromagnetic 2357 | . . . . 163 . 523 . 9 . . . 246 79 . 1337 Impact . | . . . . . . . . . . . . . . . . Slashing 1656 | . . . . . . . . . 82 . 387 . . . 1187 Piercing . | . . . . . . . . . . . . . . . . Highest Corruption 15 | . 1 1 1 1 . 14 14 14 14 14 15 15 15 15 . Average Corruption 8 | . 1 1 1 1 . 10 14 14 14 14 7 15 15 15 . Corruption Purged . | . . . . . . . . . . . . . . . . Corruption Blocked . | . . . . . . . . . . . . . . . . Effects 332 | . 2 10 2 8 . 108 23 51 11 23 51 12 28 3 . Message Errors 76 | . . 1 . 3 . 29 6 12 2 5 10 2 5 1 . Matter Fused 66 | . 1 3 1 2 . 14 3 11 1 5 9 3 12 1 . Heat Flow Errors 46 | . . 1 . 2 . 20 2 6 2 4 3 1 4 1 . Energy Discharges 42 | . . 3 1 . . 10 3 7 2 3 8 2 3 . . Parts Rejected 1 | . . . . . . . . . . 1 . . . . . Parts Fused 6 | . . 1 . . . 3 . 1 . . 1 . . . . Data Loss (minor) 41 | . 1 . . . . 16 3 4 2 3 7 2 3 . . Data Loss (major) 18 | . . . . 1 . 8 2 3 . 1 3 . . . . Misfires 16 | . . . . . . 3 2 4 1 . 4 2 . . . Alerts 9 | . . 1 . . . 2 2 2 1 . . . 1 . . Misdirections 1 | . . . . . . 1 . . . . . . . . . Weapon Failures 10 | . . . . . . 2 . 1 . 1 6 . . . . Overload Shots . | . . . . . . . . . . . . . . . . Overflow Damage 666 | . 8 6 . . 16 145 9 2 24 117 40 29 1 . 269 Projectiles 153 | . 8 . . . . . . . . 89 14 22 . . 20 Explosions 289 | . . 6 . . 16 145 9 2 24 28 . 7 1 . 51 Melee 224 | . . . . . . . . . . . 26 . . . 198 Knockbacks 43 | . 8 4 . . . . . . . 2 29 . . . . Impact . | . . . . . . . . . . . . . . . . Kinetic 41 | . 8 3 . . . . . . . 2 28 . . . . Secondary 2 | . . 1 . . . . . . . . 1 . . . . Self-Inflicted Damage 568 | . . 63 . . . 138 36 165 . . 65 . 101 . . Shots 23 | . . 2 . . . 5 1 9 . . 2 . 4 . . Rammed 3 | . . . . . . . . . . . 3 . . . . Targets Rammed 3 | . . . . . . . . . . . 3 . . . . Kicked . | . . . . . . . . . . . . . . . . Crushed . | . . . . . . . . . . . . . . . . Highest Temperature 390 | 150 70 140 . 273 108 390 245 222 364 324 227 85 189 111 74 Average Temperature 77 | 59 30 79 . 51 40 85 155 97 150 107 45 62 71 59 18 Received Heat Transfer 2004 | . 132 183 . 93 72 639 27 138 . . 72 . . . 648 Effects 5 | . . . . . . 3 . . 1 1 . . . . . Interference 2 | . . . . . . 2 . . . . . . . . . Matter Decay 1 | . . . . . . 1 . . . . . . . . . Short Circuit 1 | . . . . . . . . . . 1 . . . . . Damage (minor) 1 | . . . . . . . . . 1 . . . . . . Siege Activations . | . . . . . . . . . . . . . . . . Martial Activations . | . . . . . . . . . . . . . . . . Shielding Activations . | . . . . . . . . . . . . . . . . Robots Disrupted . | . . . . . . . . . . . . . . . . Combat Hostiles . | . . . . . . . . . . . . . . . . Robots Corrupted 2 | . . . . . . . . . . . . . . . 2 Combat Hostiles 2 | . . . . . . . . . . . . . . . 2 Parts Fried 7 | . . . . . . . . . . . . . . . 7 Impact Corruptions . | . . . . . . . . . . . . . . . . Robots Melted 1 | . . . . . . . . . . . 1 . . . . Combat Hostiles . | . . . . . . . . . . . . . . . . Parts Melted 20 | 1 3 . . . . 11 . . . 3 2 . . . . Heat Transferred 8220 | 518 370 . . . 185 4738 . 111 250 650 1150 50 148 . 50 Parts Sabotaged . | . . . . . . . . . . . . . . . . Parts Stolen 4 | . . . . . . . . 1 . . . . 3 . . Parts Stripped . | . . . . . . . . . . . . . . . . Power Chain Reactions 6 | . . . . . . 1 . . . . . 1 . . 4 Alert | -11 -10 -10 -10 -9 -8 -7 -7 -7 -7 -6 -6 -6 -6 -6 -6 ------- Run | Yrd Mat Min Exi Min Mat Fac Low Low Dat Pro Fac Low Low Zio Dee Maximum Alert Level 3 | . . . . . . 3 . . . . 1 . . . . Low Security (%) 72 | 100 100 100 . 100 100 28 . . . . 97 . . . . Level 1 7 | . . . . . . 17 . . . . 2 . . . . Level 2 6 | . . . . . . 17 . . . . . . . . . Level 3 13 | . . . . . . 35 . . . . . . . . . Level 4 . | . . . . . . . . . . . . . . . . Level 5 . | . . . . . . . . . . . . . . . . High Security . | . . . . . . . . . . . . . . . . Max Security . | . . . . . . . . . . . . . . . . Peak Influence 1096 | 15 97 98 . 91 161 1096 . . . . 290 . . . . Initial 72 | . . 28 . . . 72 . . . . . . . . . Average 211 | 1 33 18 . 14 35 496 . . . . 81 . . . . Influence Increases 4373 | 30 409 294 . 166 290 1836 140 180 21 60 947 . . . . Destroy 0b10 Robot/C 2260 | . 240 220 . 100 160 900 120 180 20 40 280 . . . . Destroy 0b10 Robot/NC 335 | 30 45 5 . 25 15 115 . . . . 100 . . . . Destroy Leader 526 | . 66 20 . 20 42 236 20 . . 20 102 . . . . Allied During Kill 35 | . . 3 . . 31 . . . 1 . . . . . . Trap Triggered on 0b10 140 | . . . . . . . . . . . 140 . . . . Successful Hack 164 | . 41 . . . 16 61 . . . . 46 . . . . Disable Machine 390 | . 15 . . . . 285 . . . . 90 . . . . Destroy Structure 328 | . 2 46 . 21 26 194 . . . . 39 . . . . Partial Spotted 15 | . . . . . . 15 . . . . . . . . . Lose Combat Pursuer 180 | . . . . . . 30 . . . . 150 . . . . Influence Decreases 4373 | 30 336 367 . 166 129 909 710 603 116 60 660 287 . . . Entered New Map 839 | . . 45 . . . 89 404 99 95 . . 107 . . . Time Decay 3092 | 30 326 297 . 166 109 667 286 464 10 60 497 180 . . . Lost Part 329 | . 10 20 . . . 152 20 40 . . 87 . . . . Lost Ally 47 | . . 5 . . 20 1 . . 11 . 10 . . . . Purge Threat 66 | . . . . . . . . . . . 66 . . . . Squads Dispatched 50 | . 2 . . 1 5 31 . 1 . . 10 . . . . Investigation 13 | . 1 . . . 1 9 . . . . 2 . . . . Extermination 12 | . . . . . . 8 . . . . 4 . . . . Reinforcement 11 | . 1 . . 1 1 8 . . . . . . . . . Assault 1 | . . . . . . . . 1 . . . . . . . Garrison 9 | . . . . . 3 6 . . . . . . . . . Intercept 4 | . . . . . . . . . . . 4 . . . . Searches Triggered . | . . . . . . . . . . . . . . . . Construction Impeded 3 | . . . . 1 . 2 . . . . . . . . . Haulers Reinforced 2 | . . . . . . 2 . . . . . . . . . Active Scanning Responses . | . . . . . . . . . . . . . . . . Cargo Convoy Interrupts . | . . . . . . . . . . . . . . . . Stealth | -11 -10 -10 -10 -9 -8 -7 -7 -7 -7 -6 -6 -6 -6 -6 -6 --------- Run | Yrd Mat Min Exi Min Mat Fac Low Low Dat Pro Fac Low Low Zio Dee Distress Signals 6 | . 1 . . . 3 2 . . . . . . . . . Communications Jammed 41 | . . . . . . 40 . . . . 1 . . . . Distress Signals 41 | . . . . . . 40 . . . . 1 . . . . Times Spotted 197 | . 19 12 . 5 8 53 6 11 4 2 26 . 3 . 48 Peak Tracking Total 37 | . 4 3 . 3 3 6 4 7 3 1 5 . 3 . 37 Tactical Retreats 11 | . . . . . . 2 . . . . 8 . . . 1 Traps | -11 -10 -10 -10 -9 -8 -7 -7 -7 -7 -6 -6 -6 -6 -6 -6 ------- Run | Yrd Mat Min Exi Min Mat Fac Low Low Dat Pro Fac Low Low Zio Dee Traps Triggered 9 | . 2 . . . . 5 . . . . 2 . . . . Indirectly . | . . . . . . . . . . . . . . . . Trap Hack Attempts 308 | . . . . . . 199 . . . . 109 . . . . Triggered 1 | . . . . . . 1 . . . . . . . . . Disarmed 1 | . . . . . . . . . . . 1 . . . . Reprogrammed 26 | . . . . . . 19 . . . . 7 . . . . Reused 20 | . . . . . . . . . . . 14 . . . 6 Traps Extracted 33 | . . . . . . 19 . . . . 7 . 2 . 5 Installed 38 | . . . . . . 4 . . . . 14 . . . 20 Triggered 14 | . . . . . . . . . . . 14 . . . . Fabricated Traps 6 | . . . . . . . . . . . . . . 3 3 Most Traps Carried 15 | . . . . . . 15 15 15 15 15 15 8 9 12 12 Machines | -11 -10 -10 -10 -9 -8 -7 -7 -7 -7 -6 -6 -6 -6 -6 -6 ---------- Run | Yrd Mat Min Exi Min Mat Fac Low Low Dat Pro Fac Low Low Zio Dee Machines Disabled 33 | . 1 . . . . 19 . 1 . . 6 . . 3 3 Max in Single Turn 4 | . 1 . . . . 4 . 1 . . 1 . . 1 1 Garrison Access 1 | . . . . . . . . . . . 1 . . . . Machines Repaired . | . . . . . . . . . . . . . . . . Machines Dismantled 3 | . . . . . . . . . . . . . . 3 . Machines Sabotaged . | . . . . . . . . . . . . . . . . Overloaded Fab Kills . | . . . . . . . . . . . . . . . . Hacking | -11 -10 -10 -10 -9 -8 -7 -7 -7 -7 -6 -6 -6 -6 -6 -6 --------- Run | Yrd Mat Min Exi Min Mat Fac Low Low Dat Pro Fac Low Low Zio Dee Machines Accessed 43 | . 8 . 2 . 4 12 . 2 4 . 9 2 . . . Terminals 16 | . 6 . . . 3 4 . . . . 3 . . . . Fabricators 5 | . . . . . . 3 . . . . 2 . . . . Repair Stations 4 | . . . . . . 2 . . . . 2 . . . . Recycling Units 5 | . 2 . . . 1 1 . . . . 1 . . . . Scanalyzers . | . . . . . . . . . . . . . . . . Garrison Access 3 | . . . . . . 2 . . . . 1 . . . . Total Hacks 147 | . 23 . 5 . 19 35 . 7 28 . 23 7 . . . Successful 90 | . 10 . 5 . 12 13 . 7 28 . 8 7 . . . Failed 57 | . 13 . . . 7 22 . . . . 15 . . . . Catastrophic 4 | . . . . . 1 1 . . . . 2 . . . . Database Lockouts . | . . . . . . . . . . . . . . . . Manual 65 | . 19 . 1 . 17 18 . . . . 10 . . . . Terminals 49 | . 19 . . . 12 11 . . . . 7 . . . . Fabricators 14 | . . . . . . 10 . . . . 4 . . . . Repair Stations 10 | . . . . . . 3 . . . . 7 . . . . Recycling Units 17 | . 4 . . . 7 4 . . . . 2 . . . . Scanalyzers . | . . . . . . . . . . . . . . . . Garrison Access 10 | . . . . . . 7 . . . . 3 . . . . Terminal Hacks 57 | . 3 . 5 . 4 2 . 7 28 . 1 7 . . . Record 27 | . . . 4 . . . . 6 11 . . 6 . . . Part Schematic 14 | . . . . . 4 . . . 10 . . . . . . Robot Schematic 4 | . . . . . . . . . 4 . . . . . . Robot Analysis 2 | . 2 . . . . . . . . . . . . . . Prototype ID Bank 3 | . . . . . . . . . 3 . . . . . . Open Door 2 | . . . . . . . . 1 . . . 1 . . . Unreport Threat 1 | . . . . . . . . . . . 1 . . . . Locate Traps 1 | . . . . . . 1 . . . . . . . . . Registered Components 2 | . 1 . . . . 1 . . . . . . . . . Proto ID Catalog 1 | . . . 1 . . . . . . . . . . . . Fabricator Hacks 6 | . . . . . . 5 . . . . 1 . . . . Load Schematic 3 | . . . . . . 3 . . . . . . . . . Build 3 | . . . . . . 2 . . . . 1 . . . . Repair Station Hacks 3 | . . . . . . . . . . . 3 . . . . Scan Component 2 | . . . . . . . . . . . 2 . . . . Repair 1 | . . . . . . . . . . . 1 . . . . Recycling Unit Hacks 1 | . . . . . 1 . . . . . . . . . . Retrieve Components 1 | . . . . . 1 . . . . . . . . . . Scanalyzer . | . . . . . . . . . . . . . . . . Garrison Access Hacks 1 | . . . . . . . . . . . 1 . . . . Seal Access 1 | . . . . . . . . . . . 1 . . . . Unauthorized Hacks 22 | . 7 . . . 7 6 . . . . 2 . . . . Terminals 13 | . 6 . . . 3 3 . . . . 1 . . . . Assimilate 1 | . . . . . . . . . . . 1 . . . . Botnet 10 | . 4 . . . 3 3 . . . . . . . . . Detonate 1 | . 1 . . . . . . . . . . . . . . Disrupt 1 | . 1 . . . . . . . . . . . . . . Fabricators . | . . . . . . . . . . . . . . . . Repair Stations 2 | . . . . . . 1 . . . . 1 . . . . Patch 2 | . . . . . . 1 . . . . 1 . . . . Recycling Units 7 | . 1 . . . 4 2 . . . . . . . . . Monitor 1 | . . . . . 1 . . . . . . . . . . Reject 2 | . . . . . 1 1 . . . . . . . . . Recyclers 1 | . . . . . 1 . . . . . . . . . . Mask 3 | . 1 . . . 1 1 . . . . . . . . . Scanalyzers . | . . . . . . . . . . . . . . . . Garrison Access . | . . . . . . . . . . . . . . . . Data Cores Recovered . | . . . . . . . . . . . . . . . . Used . | . . . . . . . . . . . . . . . . Hacking Detections 29 | . 8 . . . 3 11 . . . . 7 . . . . Full Trace Events 9 | . . . . . 1 7 . . . . 1 . . . . Feedback Events . | . . . . . . . . . . . . . . . . Feedback Blocked . | . . . . . . . . . . . . . . . . Robot Schematics Acquired 6 | . . . . . . . . . 4 . . . . 2 . Robots Built . | . . . . . . . . . . . . . . . . Authchips . | . . . . . . . . . . . . . . . . Time . | . . . . . . . . . . . . . . . . Total Robot Build Rating . | . . . . . . . . . . . . . . . . Part Schematics Acquired 26 | . . . . . 3 . . . 10 . . . . 13 . Parts Built 6 | . . . . . . 4 . . . . 2 . . . . Authchips . | . . . . . . . . . . . . . . . . Time 115 | . . . . . . 62 . . . . 53 . . . . Total Part Build Rating 20 | . . . . . . 8 . . . . 12 . . . . Parts Repaired 1 | . . . . . . . . . . . 1 . . . . Time 61 | . . . . . . . . . . . 61 . . . . Parts Recycled . | . . . . . . . . . . . . . . . . Recycled Matter . | . . . . . . . . . . . . . . . . Retrieved Matter . | . . . . . . . . . . . . . . . . Retrieved Components 3 | . . . . . 3 . . . . . . . . . . Parts Scanalyzed . | . . . . . . . . . . . . . . . . Part Schematics Acquired . | . . . . . . . . . . . . . . . . Parts Damaged . | . . . . . . . . . . . . . . . . Bothacking | -11 -10 -10 -10 -9 -8 -7 -7 -7 -7 -6 -6 -6 -6 -6 -6 ------------ Run | Yrd Mat Min Exi Min Mat Fac Low Low Dat Pro Fac Low Low Zio Dee Used RIF Installer . | . . . . . . . . . . . . . . . . Robots Hacked 9 | . . 2 1 . 1 2 . . 1 1 1 . . . . Non-combat 5 | . . 1 . . . 2 . . . 1 1 . . . . Combat 4 | . . 1 1 . 1 . . . 1 . . . . . . Robot Hacks Applied 11 | . . 2 1 . 1 3 . . 1 1 2 . . . . parse_system 9 | . . 2 1 . 1 2 . . 1 1 1 . . . . no_distress 1 | . . . . . . . . . . . 1 . . . . find_chute 1 | . . . . . . 1 . . . . . . . . . Relay Couplers Released 3 | . . . . . . 3 . . . . . . . . . Programmers 3 | . . . . . . 3 . . . . . . . . . Fabnet Peak Effective % . | . . . . . . . . . . . . . . . . Robots Rewired 1 | . . . . . . . . 1 . . . . . . . Allies Hacked . | . . . . . . . . . . . . . . . . Hacks Repelled . | . . . . . . . . . . . . . . . . Allies | -11 -10 -10 -10 -9 -8 -7 -7 -7 -7 -6 -6 -6 -6 -6 -6 -------- Run | Yrd Mat Min Exi Min Mat Fac Low Low Dat Pro Fac Low Low Zio Dee Total Allies 6 | . . 1 . 3 . . . 1 . . 1 . . . . Largest Group 3 | . . 1 . 3 3 2 . 1 1 . 1 . . . . Highest-Rated Group 40 | . . 31 . 40 40 24 . 30 30 . 26 . . . . Highest-Rated Ally 31 | . . 31 . 16 16 16 . 30 30 . 26 . . . . Total Orders 21 | . . . . . . . . . . 9 4 2 3 2 1 ROAM 2 | . . . . . . . . . . . . 1 1 . . EXPLORE 14 | . . . . . . . . . . 7 2 1 2 1 1 RETURN 5 | . . . . . . . . . . 2 2 . . 1 . Ally Attacks 42 | . . 6 . . 34 2 . . . . . . . . . Total Damage 368 | . . 84 . . 284 . . . . . . . . . . Kills 8 | . . 1 . . 7 . . . . . . . . . . Allies Corrupted . | . . . . . . . . . . . . . . . . Allies Melted . | . . . . . . . . . . . . . . . . Intel | -11 -10 -10 -10 -9 -8 -7 -7 -7 -7 -6 -6 -6 -6 -6 -6 ------- Run | Yrd Mat Min Exi Min Mat Fac Low Low Dat Pro Fac Low Low Zio Dee Active Infowar (turns) 13364 | 57 916 613 . . 469 3411 611 1179 230 21 1560 380 753 1451 1713 Optics 802 | . . . . . . . . . . . . . . . 802 Sensors 11160 | . 2 . . . . 3321 611 1179 230 21 1517 380 753 1451 1695 Terrain 728 | . . . . . . 728 . . . . . . . . . Structural 1312 | . . . . . 469 843 . . . . . . . . . Seismic 1581 | 57 911 613 . . . . . . . . . . . . . T.N.C. 3 | . 3 . . . . . . . . . . . . . . Jamming 1219 | . . . . . . 323 . . . . 894 2 . . . Robot Analysis Total 153 | . 2 . . . . . . . 151 . . . . . . Derelict Logs Recovered 8 | . . 1 . 1 . . 1 1 . 2 . . 1 1 . Drone Launches 13 | . . . . . . . . . . 6 3 1 1 1 1 Drone Recoveries 12 | . . . . . . . . . . 6 3 1 1 1 . Exploration | -11 -10 -10 -10 -9 -8 -7 -7 -7 -7 -6 -6 -6 -6 -6 -6 ------------- Run | Yrd Mat Min Exi Min Mat Fac Low Low Dat Pro Fac Low Low Zio Dee Turns Passed 19829 | 165 1199 1582 563 1048 519 3880 628 1179 312 688 1954 380 757 1984 2991 Spaces Moved 12155 | 89 694 876 396 705 332 2293 430 943 150 367 1114 281 500 1388 1597 Core 5 | 5 . . . . . . . . . . . . . . . Treads 149 | . . . . . . 1 33 . 75 40 . . . . . Legs . | . . . . . . . . . . . . . . . . Wheels 12001 | 84 694 876 396 705 332 2292 397 943 75 327 1114 281 500 1388 1597 Hover . | . . . . . . . . . . . . . . . . Flight . | . . . . . . . . . . . . . . . . Fastest Speed 50 | 50 95 135 135 135 110 110 115 111 115 115 112 112 112 112 112 Average Speed 130 | 97 135 135 136 138 125 122 127 113 170 153 119 112 112 128 153 Slowest Speed 228 | 100 140 135 140 140 135 228 228 130 225 225 160 112 112 175 175 Overloaded Moves . | . . . . . . . . . . . . . . . . Propulsion Burnouts . | . . . . . . . . . . . . . . . . Robots Hopped . | . . . . . . . . . . . . . . . . Potential Cave-ins . | . . . . . . . . . . . . . . . . Cave-ins Triggered . | . . . . . . . . . . . . . . . . Exploration Rate (%) 70 | 4 94 100 53 99 29 47 50 80 78 98 29 98 98 90 86 Regions Visited 15 Branch Regions 11 Pre-discovered Areas 30 | . . . 1 1 . . . . 26 . . . . 2 . Known Exits Taken 10 | . . . . . 1 1 1 1 1 1 1 1 1 1 . Unknown Exits Taken 5 | 1 1 1 1 1 . . . . . . . . . . . Scrap Searched 27 | . . 1 . 2 . . 3 3 . 2 . 1 11 4 . Spaces Dug 78 | . . 21 . . . 33 . . . . 2 . . . 22 Terrain Destroyed 833 | . . 60 . 26 46 205 27 181 88 12 63 2 54 . 69 Melee 26 | . . . . . . 2 . . . . 2 . . . 22 Projectile 15 | . . . . . 1 . . 2 1 . 9 . . . 2 AOE 792 | . . 60 . 26 45 203 27 179 87 12 52 2 54 . 45 Terrain Rammed . | . . . . . . . . . . . . . . . . Walls Destroyed . | . . . . . . . . . . . . . . . . Machines Disabled . | . . . . . . . . . . . . . . . . Actions | -11 -10 -10 -10 -9 -8 -7 -7 -7 -7 -6 -6 -6 -6 -6 -6 --------- Run | Yrd Mat Min Exi Min Mat Fac Low Low Dat Pro Fac Low Low Zio Dee Total 15132 | 133 858 1185 420 743 411 3089 487 1009 182 468 1582 333 668 1537 2027 Wait 1208 | 4 35 210 . 11 21 191 11 11 4 63 100 41 119 91 296 Move 12140 | 88 693 875 395 704 331 2292 429 942 149 366 1113 280 499 1387 1597 Hop . | . . . . . . . . . . . . . . . . Pick Up 188 | 9 33 12 8 1 11 48 1 5 4 5 34 . 5 5 7 Fast Attach 83 | 8 1 . 1 2 5 22 9 4 . 4 20 . 4 2 1 Attach 81 | 1 2 5 4 . 4 31 1 4 2 1 13 . 1 4 8 Detach 33 | 1 . 1 1 . . 15 . 2 . . 7 . 2 1 3 Swap 238 | . 27 19 1 4 11 76 5 13 6 5 31 2 10 12 16 Drop 213 | 4 19 13 9 3 14 60 11 3 4 7 43 . 10 8 5 Fire 487 | 18 48 48 . 18 13 146 20 22 11 16 81 10 9 . 27 Melee 82 | . . 2 1 . 1 5 . . 2 1 14 . 9 . 47 Ram 3 | . . . . . . . . . . . 3 . . . . Kick . | . . . . . . . . . . . . . . . . Crush . | . . . . . . . . . . . . . . . . Escape Stasis . | . . . . . . . . . . . . . . . . Rewire 3 | . . . . . . . . 3 . . . . . . . Trap 346 | . . . . . . 203 . . . . 123 . . . 20 Miscellaneous 27 | . . . . . . . . . . . . . . 27 . Route ------- -11/Scrapyard -10/Materials (discovered 4 exits: [*Mat x3] / [*Min]) -10/Mines (discovered 4 exits: [*Mat x2] / *Exi / [*Sub]) -10/Exiles -9/Mines (discovered 2 exits: *Mat x2) -8/Materials (discovered 3 exits: *Fac x3) -7/Factory (discovered 4 exits: *Fac x3 / *Low) -7/Lower Caves -7/Lower Caves (discovered 2 exits: *Fac / *Dat) -7/Data Miner -6/Proximity Caves -6/Factory (discovered 2 exits: *Fac / *Low) -6/Lower Caves -6/Lower Caves (discovered 2 exits: *Fac / *Zio) -6/Zion (discovered 2 exits: *Dee / [*Pro]) -6/Deep Caves (discovered 1 exit: *Pro) History --------- Turn | Location | Event 33 | -11/Scrapyard | Discovered new exit (range 16) 166 | -11/Scrapyard | Entered Materials 308 | -10/Materials | Build established: Mutant 429 | -10/Materials | Discovered new exit (range 10) 670 | -10/Materials | Discovered new exit (range 11) 903 | -10/Materials | Discovered new exit (range 16) 1206 | -10/Materials | Discovered new exit (range 11) 1365 | -10/Materials | Entered Mines 1366 | -10/Mines | YI-UF0 nonchalantly dropped a Grenade Launcher on the ground 1447 | -10/Mines | Excavation squad dispatched 1447 | -10/Mines | A large section of the Mines collapsed 1697 | -10/Mines | Excavation squad dispatched 1739 | -10/Mines | Received a Rocket Launcher from a helpful Derelict 1854 | -10/Mines | Discovered new exit (range 10) 1945 | -10/Mines | Discovered new exit (range 4) 1948 | -10/Mines | Received a Mining Laser from a helpful Derelict 1993 | -10/Mines | Deemed a non-threat by the Exiles lab entrance 1993 | -10/Mines | Discovered new exit (range 5) 2197 | -10/Mines | Discovered new exit (range 10) 2947 | -10/Mines | Entered Exiles 2982 | -10/Exiles | Met 8R-AWN 3032 | -10/Exiles | Met EX-HEX 3069 | -10/Exiles | Met EX-BIN 3085 | -10/Exiles | Aligned with FarCom system 3086 | -10/Exiles | Given EX-Vault access code 3120 | -10/Exiles | Opened EX-Vault 3154 | -10/Exiles | Warned to stay clear of 0b10 Research branches 3196 | -10/Exiles | Met EX-DEC 3207 | -10/Exiles | Learned location of Zion (-6) 3283 | -10/Exiles | Found Gui. Plasma Cannon 3286 | -10/Exiles | Found Potential Leg 3288 | -10/Exiles | Found Potential Leg 3292 | -10/Exiles | Found Supersonic Drone Bay 3419 | -10/Exiles | Discovered new exit (range 15) 3510 | -10/Exiles | Stole three prototypes: Potential Leg, Supersonic Drone Bay, Gui. Plasma Cannon 3510 | -10/Exiles | Entered Mines 3515 | -9/Mines | Core integrity fell below 50% 3531 | -9/Mines | Discovered new exit (range 15) 3672 | -9/Mines | Learned 8 Materials zone layouts 3738 | -9/Mines | Build established: Scavenger-Mutant 3754 | -9/Mines | Learned location of Storage (-9) 4374 | -9/Mines | Discovered new exit (range 4) 4438 | -9/Mines | Assisted by bots powering up and referring to "LRC-V3" 4558 | -9/Mines | Entered Materials 4558 | -8/Materials | Accompanied by 3 allies 4558 | -8/Materials | Evolved 4 slots: Propulsion x2, Utility x2 4559 | -8/Materials | Identified exit to Factory 4850 | -8/Materials | Garrison activated, responded to threat 4885 | -8/Materials | Build established: Mutant 5000 | -8/Materials | Met 7R-MNS 5038 | -8/Materials | Discovered exit to Factory (range 15) 5077 | -8/Materials | Entered Factory 5077 | -7/Factory | Accompanied by 2 allies 5077 | -7/Factory | Evolved 2 slots: Utility x2 5078 | -7/Factory | Caught up to 7R-MNS 5079 | -7/Factory | FarCom data flow suspended 5195 | -7/Factory | Discovered new exit (range 14) 5195 | -7/Factory | Discovered new exit (range 4) 5198 | -7/Factory | Identified exit to Factory 5306 | -7/Factory | Lost 3 parts (2n1u) 5355 | -7/Factory | Lost 3 parts (2n1u) 5714 | -7/Factory | Garrison activated, responded to threat 5759 | -7/Factory | Build established: Scavenger-Skirmisher 5925 | -7/Factory | Discovered new exit (range 16) 6045 | -7/Factory | Garrison activated, responded to threat 6247 | -7/Factory | Found Prototype Launcher 6247 | -7/Factory | Identified Rocket Array 6407 | -7/Factory | Build established: Scavenger-Mutant 6685 | -7/Factory | System corruption reached 10% 7077 | -7/Factory | Build established: Trapper-Mutant 7446 | -7/Factory | Lost 3 parts (1p1n1u) 7494 | -7/Factory | Identified exit to Lower Caves 7551 | -7/Factory | Fabricated Plasma Cutter? 7710 | -7/Factory | Discovered exit to Factory (range 15) 7773 | -7/Factory | Fabricated Trap Extractor (x2) 8359 | -7/Factory | Core integrity fell below 50% 8957 | -7/Factory | Entered Lower Caves 9006 | -7/Lower Caves | Learned location of 1 exit from Factory 9109 | -7/Lower Caves | Found DCF Scrap (12 items) 9569 | -7/Lower Caves | Discovered new exit (range 13) 9583 | -7/Lower Caves | Identified exit to Lower Caves 9585 | -7/Lower Caves | Entered another Lower Caves area 9595 | -7/Lower Caves | Discovered exit to Factory (range 15) 9596 | -7/Lower Caves | Encountered a Warlord checkpoint 9852 | -7/Lower Caves | Spotted RZ-V0P(f) 9852 | -7/Lower Caves | Spotted H7-DIZ(f) 9853 | -7/Lower Caves | Encountered a Master Thief 9853 | -7/Lower Caves | Encountered a Master Thief 9853 | -7/Lower Caves | Spotted D8-30H(f) 9854 | -7/Lower Caves | Encountered a Master Thief 9855 | -7/Lower Caves | Destroyed RZ-V0P(f) 9855 | -7/Lower Caves | Destroyed H7-DIZ(f) 9858 | -7/Lower Caves | Gui. Plasma Cannon stolen by Master Thief 9865 | -7/Lower Caves | Attracted the attention of an 0b10 checkpoint 9905 | -7/Lower Caves | Learned Factory terminal intel 9913 | -7/Lower Caves | Entered an active Warlord outpost 9933 | -7/Lower Caves | Learned location of 1 exit from Research 9933 | -7/Lower Caves | Learned 8 Research zone layouts 9933 | -7/Lower Caves | Learned Research emergency access door positions 9961 | -7/Lower Caves | Discovered new exit (range 4) 9966 | -7/Lower Caves | Identified exit to Data Miner 10419 | -7/Lower Caves | Attracted the attention of an 0b10 outpost 10478 | -7/Lower Caves | Destroyed 8 combat bots 10487 | -7/Lower Caves | Lost 3 parts (2n1w) 10764 | -7/Lower Caves | Entered Data Miner 10764 | -7/Data Miner | Accompanied by 1 ally 10764 | -7/Data Miner | Discovered new exit (range 6) 10786 | -7/Data Miner | Met Data Miner 10825 | -7/Data Miner | Learned location of Section 7 (-2) 10825 | -7/Data Miner | Acquired the access code to Warlord's prototype stash 10842 | -7/Data Miner | Received God Mode back door access code from Data Miner 10862 | -7/Data Miner | Destroyed Data Miner 10865 | -7/Data Miner | Interfaced with the Data Conduit 11010 | -7/Data Miner | Found Quantum Router 11014 | -7/Data Miner | Found System Mapper 11071 | -7/Data Miner | Identified exit to Proximity Caves 11076 | -7/Data Miner | Entered Proximity Caves 11475 | -6/Proximity Caves | Discovered exit to Factory (range 69) 11697 | -6/Proximity Caves | Learned Factory security intel 11764 | -6/Proximity Caves | Entered Factory 11764 | -6/Factory | Evolved 2 slots: Utility x2 11765 | -6/Factory | Identified exit to Lower Caves 11767 | -6/Factory | Loaded intel: 268 machine locations 11768 | -6/Factory | Loaded intel: 25 terminal locations 12424 | -6/Factory | Repaired Broken Arm. Huge Wheel 12573 | -6/Factory | Intercept squad dispatched 12574 | -6/Factory | Fabricated Imp. Transmission Jammer (x2) 12581 | -6/Factory | Spotted Tracker 12610 | -6/Factory | Spotted Combat Programmer 12633 | -6/Factory | Destroyed Tracker 12657 | -6/Factory | Lost 4 parts (3u1w) 12680 | -6/Factory | Destroyed Combat Programmer 12698 | -6/Factory | Found Prototype Special Weapon 12698 | -6/Factory | Identified Exp. Remote Datajack 12778 | -6/Factory | Discovered new exit (range 12) 12801 | -6/Factory | Identified exit to Factory 12911 | -6/Factory | Build established: Mutant 13227 | -6/Factory | Build established: Trapper-Mutant 13409 | -6/Factory | Intercept squad dispatched 13420 | -6/Factory | Spotted Tracker 13436 | -6/Factory | Spotted Combat Programmer 13441 | -6/Factory | System corruption reached 10% 13442 | -6/Factory | Core integrity fell below 50% 13490 | -6/Factory | Lost 5 parts (3n1u1w) 13496 | -6/Factory | Destroyed Combat Programmer 13668 | -6/Factory | Destroyed Tracker 13718 | -6/Factory | Entered Lower Caves 13731 | -6/Lower Caves | Discovered new exit (range 154) 13878 | -6/Lower Caves | Entered an active Warlord outpost 13885 | -6/Lower Caves | Learned Research stockpile data 13885 | -6/Lower Caves | Learned Extension stockpile data 13885 | -6/Lower Caves | Learned Factory garrison access intel 13885 | -6/Lower Caves | Learned Factory emergency access door positions 13951 | -6/Lower Caves | Build established: Scavenger-Mutant 13996 | -6/Lower Caves | Encountered a Warlord checkpoint 14025 | -6/Lower Caves | Identified exit to Lower Caves 14098 | -6/Lower Caves | Entered another Lower Caves area 14102 | -6/Lower Caves | Discovered exit to Factory (range 21) 14118 | -6/Lower Caves | Discovered new exit (range 129) 14576 | -6/Lower Caves | Build established: Trapper-Mutant 14594 | -6/Lower Caves | Learned Factory terminal intel 14728 | -6/Lower Caves | Spotted 1V-00U(f) 14730 | -6/Lower Caves | Encountered a Master Thief 14731 | -6/Lower Caves | Spotted WW-5QV(f) 14732 | -6/Lower Caves | Encountered a Master Thief 14732 | -6/Lower Caves | Spotted LM-AV9(f) 14733 | -6/Lower Caves | Encountered a Master Thief 14733 | -6/Lower Caves | Supersonic Drone Bay stolen by Master Thief 14735 | -6/Lower Caves | Potential Leg stolen by Master Thief 14735 | -6/Lower Caves | Potential Leg stolen by Master Thief 14740 | -6/Lower Caves | Destroyed 1V-00U(f) 14851 | -6/Lower Caves | Identified exit to Zion 14855 | -6/Lower Caves | Entered Zion 14896 | -6/Zion | System corruption cleaned by Quarantine Array 14921 | -6/Zion | Discovered new exit (range 29) 15348 | -6/Zion | Met Imprinter 15467 | -6/Zion | Learned Factory emergency access door positions 15484 | -6/Zion | Learned Factory stockpile data 15631 | -6/Zion | Found GAL Module 15690 | -6/Zion | Found Prototype Device 15690 | -6/Zion | Identified Bomb Factory No. 2 16291 | -6/Zion | Visited the Megawrench Repair Shop 16309 | -6/Zion | Megawrench repaired 14 parts 16825 | -6/Zion | Discovered new exit (range 3) 16825 | -6/Zion | Saw the warning signs outside the Deep Caves entrance 16832 | -6/Zion | Identified exit to Deep Caves 16839 | -6/Zion | Entered Deep Caves 17816 | -6/Deep Caves | Attacked by Z-Imprinter 17830 | -6/Deep Caves | Build established: Derelict-Mutant 17873 | -6/Deep Caves | Core integrity fell below 20% 17898 | -6/Deep Caves | Destroyed Z-Imprinter 17929 | -6/Deep Caves | Lost 3 parts (1n1u1w) 17958 | -6/Deep Caves | Found Prototype Protection 17958 | -6/Deep Caves | Identified Zio. Weapon Casing 18307 | -6/Deep Caves | Z-Facility disabled 18329 | -6/Deep Caves | Build established: Mutant 18335 | -6/Deep Caves | Found Zio. Weapon Casing 18937 | -6/Deep Caves | Discovered new exit (range 7) 18947 | -6/Deep Caves | Identified exit to Proximity Caves 19231 | -6/Deep Caves | Spotted AG-08769 19327 | -6/Deep Caves | Build established: Assassin 19601 | -6/Deep Caves | Spotted AG-05207 19767 | -6/Deep Caves | Build established: Skirmisher 19784 | -6/Deep Caves | Triggered Deep Caves wall 19789 | -6/Deep Caves | Exposed GOLEM chamber 19812 | -6/Deep Caves | Spotted AS-01574 19814 | -6/Deep Caves | Spotted AS-62297 19830 | -6/Deep Caves | Destroyed by AG-05207 with Assembled Focal Cannon Last Messages --------------- 19816_ AG-64064 GOLEM Unit beginning Prototype Leg integration. 19820_ Wheel destroyed. 19821_ AG-05207: "DSI9AT1D G8OHIBQ29FWG 26R186 QD12WHW8W33 TDK1 81FTS" 19821_ GOLEM Unit springs to life. 19821_ Wall Chamber breached. 19821_ A GOLEM Unit tumbles out of the Wall Chamber. 19821_ Destroyed Asb. Hover System. 19821_ as-00633 destroyed. 19821_ as-09579 destroyed. 19822_ AG-94304 GOLEM Unit beginning Prototype Leg integration. 19824_ Wheel destroyed. 19824_ Rocket Array destroyed. 19825_ as-66207 released from Mobile Assembly Unit. 19825_ as-12911 destroyed. 19826_ Penetrated by Slug. Map ----- +----------------------------------------------------+ | ????????? #??#??????#" | | ????????""" #? #??????#" | | ????????" ## #??????#" | | ????????" # #####??#" | | ????????" ???#"" | | ????????# #????#### | | ?????????" A #????????#### | | ?????????" a "##???????????? | | ?????????"a #???????????? | | ????????"" #####???######## | | ????????"! G ] ;?# #??##"# | | ??????### [ ### ####"" | | ??""""" # ^^#" | | ??" A [ ###"# | | ??" ] M ###" | | ??" #" | | ??? ###"" | | ???? s = ####"" | | ????? = = #?#### | | ?????? = #????# | | ??????? ! #???## | | ??????###G #??## | | ??????#G M #??# | | ??????#GGG g #??# # | | ??????#GGG *! ! #??## ## | | ????????"G @ M ##??##### | | ????????"" #?????## | | ????????# ! #????## | | ????????" * * ####?# | | ????????" ##"### | | ????????" * | | ????????""" ! * | | ????????" | | ????????"" M % [ ### | | ????????" #?# | | ????????"" ##?## | | ????????" # # #???## | | ????????" #### ## ## ##????### | | ????????""" ###### ## ####???????### | | ?????????" ##### #????????????? | | ?????????##########????#?????????????? | | | | | | | | | | | | | | | | | | | +----------------------------------------------------+ Best States ------------- Heat Dissipation 64 Energy Generation 23 Energy Capacity 650 Matter Stores 300 Matter Capacity 300 Sight Range 22 Robot Scan Range 18 Terrain Scan Range 16 Terrain Scan Density 10 Jamming Range 14 Armor Coverage 825 Resistance: TH 20 Resistance: EX 25 Core Shielding 20 Power Shielding 66 Weapon Shielding 100 Evasion (%) 41 Targeting Accuracy 8 Target Analysis 6 Recoil Reduction 4 Salvage Targeting 1 Defensive Hacking 10 Trap Extractor Capacity 6 Item Schematics ----------------- Trap Extractor | -8/Materials | Hacked Plasma Cutter | -8/Materials | Hacked Trap Scanner | -8/Materials | Hacked Lgt. Regenerative Plating | -7/Data Miner | Free Cld. Cesium-ion Thruster | -7/Data Miner | Free Exp. Propulsion Shielding | -7/Data Miner | Free Imp. Lightning Gun | -7/Data Miner | Free Cmb. Gravmag System | -7/Data Miner | Free Combat Drone Bay | -7/Data Miner | Free Adv. Recoil Stabilizer | -7/Data Miner | Free Enh. Gauss Cannon | -7/Data Miner | Free Hvy. Reflective Plating | -7/Data Miner | Free Myomer Leg | -7/Data Miner | Free Matter Compressor | -6/Zion | Archive Variable Charge Gun | -6/Zion | Archive Focal Shield | -6/Zion | Archive Antigrav System | -6/Zion | Archive Adv. Shield Generator | -6/Zion | Archive Hvy. Plasma Cannon | -6/Zion | Archive Imp. Antigrav System | -6/Zion | Archive Hardcell Cannon | -6/Zion | Archive Energy Well | -6/Zion | Archive Mass Driver | -6/Zion | Archive Proton Cannon | -6/Zion | Archive Arm. Medium Treads | -6/Zion | Archive Magnetic Acceleration Cannon | -6/Zion | Archive Robot Schematics ------------------ M-14 Sweeper | -7/Data Miner | Free W-25 Informer | -7/Data Miner | Free E-15 Imp | -7/Data Miner | Free H-66 Slayer | -7/Data Miner | Free Y-54 Guardian | -6/Zion | Archive S-27 Virus | -6/Zion | Archive Fabricated ------------ Plasma Cutter | x2 | -7/Factory Trap Extractor | x2 | -7/Factory Imp. Transmission Jammer | x2 | -6/Factory | Preloaded Repaired ---------- Arm. Huge Wheel | 9% | -6/Factory | Broken Alien Tech Used ----------------- None Achievements -------------- None Challenges ------------ None Game ------ Seed BeamAlloyPower Manual? 0 Play Time 02:36:20 Cumulative 282.8 hours Start 2025.06.20 @ 13:36:35 End 2025.06.20 @ 18:26:53 Sessions 3 Manual Loads 0 Difficulty Rogue Special Mode None Game No. 253 Rogue 253 Adventurer 0 Explorer 0 Win Type - Total 2 Types 1/1/0/0/0/0/0/0/0/0 Lore% 76 Gallery% 79 Achievement% 72 Wizard Run 0 Options --------- Layout 1 ASCII 0 Keyboard 0 Movement Numpad Keybinds 0 Fullscreen 1 Font 24/Smallcaps Map View 50x35 Zoom Use 0% Tactical HUD 1 Map Filters NONE Filters NONE Steam 1 RUN: 5a1d28a2-d507-4c1e-af2c-4b86fd1fbaf0